 Dungeon Crawl Stone Soup version 0.31-a0-83-gbff143cfd1 (webtiles) character file.

Game seed: 16900053719168803124

63 Esekla the Sneak (level 4, 31/31 HPs)
             Began as an Octopode Delver on May 24, 2023.
             Quit the game on level 5 of the Dungeon.
             The game lasted 00:01:50 (203 turns).

Esekla the Sneak (Octopode Delver)                   Turns: 203, Time: 00:01:51

Health: 31/31      AC:  1    Str: 11    XL:     4   Next: 9%
Magic:  5/5        EV: 13    Int: 14    God:
Gold:   0          SH:  0    Dex: 13    Spells: 5/5 levels left

rFire   . . .        a - +0 falchion
rCold   . . .        (no shield)
rNeg    . . .        (helmet restricted)
rPois   .            (no amulet)
rElec   .            (no ring)
rCorr   .            (no ring)
SInv    .            (no ring)
Will    .....        (no ring)
Stlth   +++++        (no ring)
HPRegen 0.25/turn    (no ring)
MPRegen 0.09/turn    (no ring)
                     (no ring)

%: no passive effects
@: no status effects
A: almost no armour, amphibious, 8 rings, camouflage 1, gelatinous body 1,
(nimble swimmer 1), tentacles
a: no special abilities


You were on level 5 of the Dungeon.
You visited 1 branch of the dungeon, and saw 1 of its levels.

Inventory:

Hand Weapons
 a - a +0 falchion (weapon)
 s - a +0 dagger
Wands
 f - a wand of digging (3)
Scrolls
 b - a scroll of fog
 c - 4 scrolls of identify {unknown}
 d - a scroll of fear
Potions
 e - a potion of haste


   Skills:
 * Level 3.4 Fighting
 * Level 2.4 Long Blades
 * Level 2.3 Dodging
 + Level 7.4 Stealth
 * Level 1.0 Spellcasting


You had 5 spell levels left.
You didn't know any spells.
Your spell library was empty.

Dungeon Overview and Level Annotations

Branches:
Dungeon (5/15)
 Temple: D:4-7

Altars:

Shops:
D:5 *


Innate Abilities, Weirdness & Mutations

You cannot wear most types of armour.
You are amphibious.
You can wear up to eight rings at the same time.
Your skin changes colour to match your surroundings (Stealth+).
Your rubbery body absorbs attacks. (AC +1, EV +1)
((You are camouflaged when in or above water. (Stealth+)))
You have tentacles for arms and can constrict up to eight enemies at once.


Message History

Found an escape hatch in the ceiling.
g - a +0 dagger (weapon)
Found a shortbow.
The helpless sleepcap fails to defend itself.
You impale the sleepcap!! You grab the sleepcap.
The sleepcap is almost destroyed.
You constrict the sleepcap, but do no damage.
The sleepcap completely misses you.
a - a +0 falchion (weapon)
You constrict the sleepcap. The sleepcap closely misses you.
You hit the sleepcap.
You destroy the sleepcap!
You have reached level 4!
c - 4 scrolls labelled QOIBECSOULE (gained 1) Adjust (i)tems, (s)pells, or (a)bilities?
You don't know any spells.
Adjust (i)tems, (s)pells, or (a)bilities?
g - a +0 dagger Adjust to which letter? (? for menu, Esc to quit)
s - a +0 dagger You open the door.
There is an open door here.
You open the door.
There is an open door here.
Found Umerivoj's General Store.
An orc comes into view. It is wielding a +0 war axe.
The orc shouts!
You barely miss the orc. You grab the orc. You constrict the orc.
The orc barely misses you.
You hit the orc.
The orc is severely wounded.
You constrict the orc. The orc closely misses you.
You hit the orc.
You kill the orc!
Your Spellcasting skill increases to level 1!
Things that are here:
a +0 war axe; an orc corpse
There is an entrance to Umerivoj's General Store here.
You can access your shopping list by pressing '$'.
Are you sure you want to abandon this character and quit the game? (Confirm with "yes".)

,,* ******,* *,*,* #.# ,,* *,*
*,#.# #.#
,,**********,*********,#.# #.#
,,,,,,,,,,**,,,,,,,,,,,#.# #.#
****,,,,,,*************#.# #.#
*,,,,,,* ####### #.####'###
*,,,,,,* ##...§.#####.#.......
*,,,,,,**#............#.......
*,,,,,,,*#...@.)......'.....<.
*,,,,,................#.......
*****,,,,.#...§.§..#######.......
,,,,*,,,,,#.....#### #.......
***,*,,,,,#.....* *******#....)..
,,*,*,,***#.....* *,,,,,,........
*,,,*,** #.....* *,,,,,,........
*****,* #.....***,,,,,,,.......
,,,,,,* *,,,,,,**,,,,,,,,**,##.


There were no monsters in sight!

Vanquished Creatures
  A sleepcap (D:5)
  An orc wizard (D:5)
  5 orcs (D:5)
7 creatures vanquished.

Notes
Turn   | Place    | Note
-------+----------+-------------------------------------------
     0 | D:5      | Esekla the Octopode Delver began the quest for the Orb.
     0 | D:5      | Reached XP level 1. HP: 16/16 MP: 1/1
     8 | D:5      | Noticed an orc wizard
    24 | D:5      | Killed an orc wizard
    25 | D:5      | Reached skill level 7 in Stealth
    25 | D:5      | Reached XP level 2. HP: 11/21 MP: 2/2
    25 | D:5      | Reached XP level 3. HP: 14/26 MP: 3/3
   173 | D:5      | Reached XP level 4. HP: 31/31 MP: 3/5
   192 | D:5      | Found Umerivoj's General Store.
   200 | D:5      | Reached skill level 1 in Spellcasting
   203 | D:5      | Quit the game

Illustrated notes

Levels and vault maps discovered:
D:5:      layout_basic, serial_shops, nicolae_shop_getting_attention,
          hangedman_decor_points, patterned_corridor, uniq_menkaure

Skill      XL: |  1  2  3  4 |
---------------+-------------+-----
Stealth        | 7 |  7.4
Spellcasting   | 1 |  1.0
Fighting       | |  3.4
Long Blades    | |  2.4
Dodging        | |  2.3

Action                     |  1- 3 |  4- 6 || total
---------------------------+-------+-------++-------
  Melee: Falchion          |    13 |     3 ||    16
         Tentacles         |     4 |       ||     4
         Constrict         |     4 |     1 ||     5
         Dagger            |     1 |       ||     1
         Punch             |     1 |       ||     1
    Use: Scroll            |     1 |       ||     1
   Stab: Sleeping          |     1 |       ||     1
  Dodge: Dodged            |     5 |     2 ||     7

Table legend: (Time is in decaauts)
 A = Elapsed time spent in this place.
 B = Non-inter-level travel time spent in this place.
 C = Inter-level travel time spent in this place.
 D = Time resting spent in this place.
 E = Time spent auto-exploring this place.
 F = Levels seen in this place.
 G = Mean time per level.
                   A        B        C        D        E       F      G
               +--------+--------+--------+--------+--------+-----+--------+
         Total |    205 |    205 |      0 |     54 |     45 |   1 |  205.0 |
       Dungeon |    205 |    205 |      0 |     54 |     45 |   1 |  205.0 |
               +--------+--------+--------+--------+--------+-----+--------+

Top non-repeatable levels by time:
     D:5: 205 daAuts
